 Dungeon Crawl Stone Soup version 0.29-a0-375-g5102b3be25 (webtiles) character file.

Game seed: 5590232967377044918

20499 NinjaNoafa the Basher (level 12, 0/108 HPs)
             Began as a Minotaur Fighter on May 3, 2022.
             Was a High Priest of Cheibriados.
             Slain by a titanic slime creature (39 damage)
             ... on level 12 of the Dungeon.
             The game lasted 00:27:06 (10112 turns).

NinjaNoafa the Basher (Minotaur Fighter)           Turns: 10112, Time: 00:27:06

Health: 0/108      AC: 29    Str: 42    XL:     12   Next: 45%
Magic:  18/18      EV: 10    Int: 18    God:    Cheibriados [*****.]
Gold:   765        SH: 11    Dex: 25    Spells: 11/11 levels left

rFire   . . .      SeeInvis .   d - +8 whip "Yhiukhlou" {pain, rC+ rN+++ Will- Str+3}
rCold   + . .      Faith    .   c - +3 buckler
rNeg    + + +      Spirit   .   I - +2 pearl dragon scales
rPois   +          Reflect  .   (helmet unavailable)
rElec   .          Harm     .   F - +2 cloak {Will+}
rCorr   .          Rampage  .   m - +2 pair of gloves
Will    +....                   H - +0 pair of boots
Stlth   ..........              t - amulet of regeneration
HPRegen 1.08/turn               i - ring of willpower
MPRegen 0.16/turn               q - ring of poison resistance

@: about to teleport, very slow
A: horns 3, retaliatory headbutt, iridescent scales 2, agile 1
a: Renounce Religion, Bend Time, Temporal Distortion, Slouch, Step From Time


You were on level 12 of the Dungeon.
You worshipped Cheibriados.
Cheibriados was extremely pleased with you.
You visited 1 branch of the dungeon, and saw 12 of its levels.
You also visited: Ossuary.

You collected 813 gold pieces.
You spent 48 gold pieces at shops.

Inventory:

Hand Weapons
 d - the +8 whip "Yhiukhlou" (weapon) {pain, rC+ rN+++ Will- Str+3}
   (You found it on level 6 of the Dungeon)

   In the hands of one skilled in necromantic magic, it inflicts extra damage on
   living creatures.
   Str:       It affects your strength (+3).
   rC:        It protects you from cold.
   rN:        It renders you almost immune to negative energy.
   Will:      It decreases your willpower.
 z - a +4 demon whip of venom
Missiles
 k - 3 curare-tipped darts
 r - 6 boomerangs
 B - 4 poisoned darts (quivered)
Armour
 c - a +3 buckler (worn)
 l - a scarf of resistance
 m - a +2 pair of gloves (worn)
 y - a +2 hat of stealth
 F - a +2 cloak of willpower (worn)
 H - a +0 pair of boots (worn)
 I - +2 pearl dragon scales (worn)
Jewellery
 f - a ring of see invisible
 g - a ring of resist corrosion
 i - a ring of willpower (left hand)
 n - a ring of protection from cold
 q - a ring of poison resistance (right hand)
 t - an amulet of regeneration (around neck)
 x - an amulet of the acrobat
 E - a ring of protection from cold
Wands
 e - a wand of iceblast (7)
Scrolls
 b - a scroll of magic mapping
 o - 4 scrolls of immolation
 p - a scroll of fog
 s - 2 scrolls of amnesia
 u - a scroll of noise
 v - 5 scrolls of identify
 C - a scroll of torment
Potions
 a - a potion of cancellation
 j - 3 potions of flight
 A - 2 potions of brilliance
 D - 2 potions of lignification
 G - a potion of degeneration
Miscellaneous
 J - a condenser vane (inert)
 K - a box of beasts (inert)


   Skills:
 + Level 10.6 Fighting
 - Level 3.2(7.7) Axes
 + Level 10.9(11.1) Maces & Flails
 + Level 10.6 Armour
 + Level 10.5 Shields
 + Level 9.5 Invocations
 - Level 7.0 Evocations


You had 11 spell levels left.
You didn't know any spells.
Your spell library contained the following spells:

 Spells                   Type           Power      Damage    Failure   Level
 Animate Skeleton         Necr           0%         N/A       41%         1
 Apportation              Tloc           0%         N/A       41%         1
 Sandblast                Erth           0%         2d4       41%         1
 Summon Small Mammal      Summ           0%         N/A       41%         1
 Passwall                 Tmut/Erth      0%         N/A       56%         2
 Stone Arrow              Conj/Erth      0%         3d7       80%         3
 Chain Lightning          Conj/Air       0%         N/A       100%        9
 Fire Storm               Conj/Fire      0%         5d1       100%        9
 Shatter                  Erth           0%         3d5*      100%        9


Dungeon Overview and Level Annotations

Branches:
Dungeon (13/15)            Temple (0/1) D:4            Lair (0/6) D:8
Ossuary (visited)
    Orc: D:9-12      Vaults: D:13-14

Altars:
Cheibriados
Fedhas
Gozag
Makhleb
Qazlal
Ru
Sif Muna
Uskayaw
Zin

Shops:
D:4 !   D:7 (   D:12 *

Annotations:
D:9 1 runed translucent door


Innate Abilities, Weirdness & Mutations

You have a pair of large horns on your head.
You reflexively headbutt those who attack you in melee.
You are mostly covered in iridescent scales. (AC +4)
You are agile. (Dex +2)


Message History

You whack the very large slime creature!
The very large slime creature is lightly wounded.
Two slime creatures merge to form a large slime creature.
You whack the very large slime creature!
You headbutt the very large slime creature!
The very large slime creature is moderately wounded.
The very large slime creature hits you!!
You thrash the very large slime creature!!
You headbutt the very large slime creature.
The very large slime creature is moderately wounded.
Two slime creatures merge to form a titanic slime creature.
You hit the titanic slime creature.
Your headbutt misses the titanic slime creature.
The titanic slime creature is moderately wounded.
Press: ? - help, v - describe, . - travel
Here: a titanic slime creature (moderately wounded)
The floor.
The titanic slime creature closely misses you.
Okay, then.
You don't have any unidentified items.
The titanic slime creature hits you!!!
You barely miss the titanic slime creature.
The titanic slime creature is moderately wounded.
You block the titanic slime creature's attack.
You thrash the titanic slime creature!!
You headbutt the titanic slime creature!
The titanic slime creature is moderately wounded.
A titanic slime creature splits.
A large slime creature splits.
The very large slime creature hits you!
Two slime creatures merge to form an enormous slime creature.
Things that are here:
an amulet of regeneration; a +0 mace
As you read the scroll of teleportation, it crumbles to dust.
You feel strangely unstable.
Two slime creatures merge to form a titanic slime creature.
The titanic slime creature attacks as you move away!
You block the titanic slime creature's attack.
The titanic slime creature attacks as you move away!
The titanic slime creature hits you!!!
You die...

..# #.......#
#.# #.......#
#.#
#.##########
### #.# #.# #.#
#.# #.# #.#
#.#####.# #.#
#.#
#.C.....#######
#.# #.#
#.#####....$...
).#
#.########J#
#........ ..#
#.........@#
#........ ..#
#.########.#
#........ ..#
#.# #.#
#[..$?... ..#
#.# #.#
#........ ..#
#.# #..
......... ..#
#.# #.#
#.####### ..#
#.# #.# ..#
#.########.#
..#
#..........#


You could see a titanic slime creature and a cyclops.

Vanquished Creatures
  Gastronok (D:8)
  A hydra (D:9)
  A boulder beetle (D:12)
  3 centaur warriors
  A dancing weapon (D:12)
  A two-headed ogre (D:9)
  Sonja (D:12)
  Amaemon (D:9)
  2 deep elf pyromancers
  The ghost of Juicyj the Spear-Bearer, a novice MiFi of Makhleb (D:6)
  A wizard (D:9)
  3 manticores (D:12)
  3 ugly things
  2 cyclopes (D:9)
  A gargoyle (D:12)
  An orange demon (D:9)
  Psyche (D:8)
  A tengu conjurer (D:12)
  A troll (D:12)
  3 meliai (D:13)
  2 slime creatures
  3 wraiths
  A vampire (D:9)
  A wyvern (D:7)
  2 steam dragons
  A basilisk (D:9)
  10 yaks
  A vampire mosquito (D:9)
  Edmund (D:4)
  2 acid dragons
  2 water moccasins
  Duvessa (D:5)
  A sky beast (D:7)
  3 orc warriors
  An ice beast (D:6)
  2 black bears (D:5)
  An ogre (D:5)
  4 centaurs
  A kobold brigand (D:8)
  Blork the orc (D:4)
  7 bullfrogs
  3 scorpions
  8 wights (D:8)
  Dowan (D:5)
  11 killer bees (D:8)
  A jelly (D:5)
  7 howler monkeys
  A human zombie (Ossuary)
  5 orc priests
  A centaur zombie (Ossuary)
  2 gnoll shamans
  3 hounds
  An iron imp (D:3)
  Crazy Yiuf (D:4)
  4 iguanas
  6 orc wizards
  3 mummies
  8 gnolls
  3 adders
  2 shadow imps
  3 white imps
  5 dart slugs
  26 orcs
  2 ball pythons
  3 endoplasms
  3 giant cockroaches
  3 gnoll zombies (Ossuary)
  4 goblins
  5 hobgoblins
  3 jackals (D:3)
  5 quokkas
  2 goblin zombies (Ossuary)
  5 hobgoblin zombies (Ossuary)
  10 kobolds
  2 kobold zombies (D:5)
  2 orc zombies (Ossuary)
  3 rats
235 creatures vanquished.

Vanquished Creatures (others)
  3 kobolds (D:8)
3 creatures vanquished.

Grand Total: 238 creatures vanquished

Notes
Turn   | Place    | Note
-------+----------+-------------------------------------------
     0 | D:1      | NinjaNoafa the Minotaur Fighter began the quest for the
                  | Orb.
     0 | D:1      | Reached XP level 1. HP: 19/19 MP: 0/0
   386 | D:1      | Reached XP level 2. HP: 18/27 MP: 1/1
  1565 | D:3      | Reached XP level 3. HP: 21/33 MP: 2/2
  1919 | D:3      | Found a snail-covered altar of Cheibriados.
  1925 | D:3      | Reached skill level 1 in Maces & Flails
  1925 | D:3      | Reached XP level 4. HP: 33/41 MP: 3/3
  1929 | D:3      | Became a worshipper of Cheibriados the Contemplative
  2047 | D:3      | Identified the +1 scale mail "Zausup Notee" {Drain rN+++
                  | rCorr}
  2089 | D:3      | Found a faded altar of an unknown god.
  2461 | D:4      | Gained mutation: You have sharp toenails. [potion of
                  | mutation]
  2461 | D:4      | Gained mutation: You have supernaturally acute eyesight.
                  | (SInv) [potion of mutation]
  2461 | D:4      | Gained mutation: You are weak. (Str -2) [potion of
                  | mutation]
  2461 | D:4      | Gained mutation: You passively dampen the noise of your
                  | surroundings. [potion of mutation]
  2486 | D:4      | Reached skill level 1 in Invocations
  2507 | D:4      | Found a glowing silver altar of Zin.
  2509 | D:4      | Noticed a bullfrog
  2509 | D:4      | Noticed a water moccasin
  2510 | D:4      | Noticed a centaur
  2620 | D:4      | Reached XP level 5. HP: 47/47 MP: 5/5
  2658 | D:4      | Found a transporter.
  2660 | D:4      | Found a transporter.
  2669 | D:4      | Noticed a yak
  2671 | D:4      | Noticed Blork the orc
  2681 | D:4      | Killed Blork the orc
  2830 | D:4      | Found a burning altar of Makhleb.
  2830 | D:4      | Noticed a green death
  2833 | D:4      | Noticed a hellwing
  2833 | D:4      | Noticed a hellwing
  2901 | D:4      | Found Bidiewn's Distillery.
  2904 | D:4      | Bought a potion of might for 48 gold pieces
  2975 | D:4      | Noticed Edmund
  2983 | D:4      | Killed Edmund
  2984 | D:4      | Reached XP level 6. HP: 27/53 MP: 5/7
  3143 | D:4      | Found a staircase to the Ecumenical Temple.
  3225 | D:4      | Found a runed translucent door.
  3226 | D:4      | Noticed Crazy Yiuf
  3391 | D:5      | Entered Level 5 of the Dungeon
  3474 | D:5      | Found an opulent altar of Gozag.
  3481 | D:5      | Reached * piety under Cheibriados
  3556 | D:5      | Reached XP level 7. HP: 22/60 MP: 5/9
  3557 | D:5      | Reached skill level 5 in Fighting
  3557 | D:5      | Reached skill level 5 in Armour
  3557 | D:5      | Reached skill level 5 in Shields
  3618 | D:5      | Found a sand-covered staircase.
  3720 | Ossuary  | Entered an ossuary
  4196 | D:5      | Noticed Duvessa
  4196 | D:5      | Noticed Dowan
  4205 | D:5      | Killed Duvessa
  4213 | D:5      | Found a hide-covered altar of Uskayaw.
  4222 | D:5      | Killed Dowan
  4298 | D:5      | Reached XP level 8. HP: 64/69 MP: 10/10
  4356 | D:5      | Reached skill level 5 in Invocations
  4504 | D:5      | Reached skill level 5 in Maces & Flails
  5001 | D:6      | Noticed Juicyj's ghost (novice MiFi)
  5005 | D:6      | Found a runed translucent door.
  5054 | D:6      | Found a stormy altar of Qazlal.
  5059 | D:6      | Reached ** piety under Cheibriados
  5126 | D:6      | Identified the +8 whip "Yhiukhlou" {pain, rC+ rN+++ Will-
                  | Str+3}
  5468 | D:6      | Found a blossoming altar of Fedhas.
  5547 | D:6      | Reached XP level 9. HP: 34/77 MP: 12/12
  5715 | D:6      | Found a stormy altar of Qazlal.
  5854 | D:6      | Killed Juicyj's ghost
  6141 | D:7      | Found Mecleuvapt's Weapon Shop.
  6259 | D:7      | Reached *** piety under Cheibriados
  6655 | D:8      | Reached XP level 10. HP: 78/88 MP: 14/14
  6713 | D:8      | Noticed Gastronok
  6732 | D:8      | Found a staircase to the Lair.
  6747 | D:8      | Reached **** piety under Cheibriados
  6762 | D:8      | Killed Gastronok
  6960 | D:8      | Found a shimmering blue altar of Sif Muna.
  6960 | D:8      | Found a sacrificial altar of Ru.
  7003 | D:8      | Noticed Psyche
  7011 | D:8      | Killed Psyche
  7486 | D:9      | Reached skill level 1 in Evocations
  7669 | D:9      | Noticed a cyclops
  7675 | D:9      | Killed a cyclops
  7696 | D:9      | Found a runed translucent door.
  7704 | D:9      | Identified the +6 dagger "Gihal" {freeze, Dex+2}
  7705 | D:9      | Noticed a two-headed ogre
  7820 | D:4      | Killed Crazy Yiuf
  7956 | D:9      | Noticed a two-headed ogre
  7967 | D:9      | Killed a two-headed ogre
  8000 | D:9      | Reached skill level 5 in Evocations
  8127 | D:4      | Reached XP level 11. HP: 47/95 MP: 16/16
  8332 | D:10     | Entered Level 10 of the Dungeon
  8340 | D:10     | Lost mutation: You have supernaturally acute eyesight.
                  | (SInv) [potion of mutation]
  8340 | D:10     | Lost mutation: You have sharp toenails. [potion of
                  | mutation]
  8340 | D:10     | Lost mutation: You passively dampen the noise of your
                  | surroundings. [potion of mutation]
  8340 | D:10     | Gained mutation: You have sharp toenails. [potion of
                  | mutation]
  8531 | D:9      | Lost mutation: You have sharp toenails. [potion of
                  | mutation]
  8531 | D:9      | Lost mutation: You are weak. (Str -2) [potion of mutation]
  8531 | D:9      | Gained mutation: You have a pair of large horns on your
                  | head. [potion of mutation]
  8577 | D:9      | Noticed a centaur warrior
  8580 | D:9      | Noticed Amaemon
  8591 | D:9      | Killed a centaur warrior
  8597 | D:9      | Killed Amaemon
  8852 | D:9      | Noticed a wizard
  8852 | D:9      | Noticed a purple ugly thing
  8862 | D:9      | Killed a wizard
  8866 | D:9      | Killed a purple ugly thing
  8911 | D:9      | Noticed a deep elf pyromancer
  8911 | D:9      | Noticed a centaur warrior
  8921 | D:9      | Killed a deep elf pyromancer
  8921 | D:9      | Reached ***** piety under Cheibriados
  8929 | D:9      | Killed a centaur warrior
  8930 | D:9      | Reached skill level 10 in Maces & Flails
  8993 | D:9      | Noticed an eight-headed hydra
  8998 | D:9      | Killed an eight-headed hydra
  9326 | D:10     | You fall into a shaft and drop 3 floors!
  9365 | D:13     | Lost mutation: You have a pair of large horns on your head.
                  | [potion of mutation]
  9365 | D:13     | Gained mutation: You expend magic power (3 MP) to
                  | strengthen your wands. [potion of mutation]
  9399 | D:13     | Noticed a centaur warrior
  9407 | D:13     | Killed a centaur warrior
  9492 | D:13     | Noticed a +4 long sword
  9493 | D:13     | Noticed a +4 long sword
  9497 | D:13     | Noticed a catoblepas
  9513 | D:12     | Killed a +4 long sword
  9514 | D:12     | Noticed a green ugly thing
  9519 | D:12     | Noticed Sonja
  9521 | D:12     | Found Atikleo's Assorted Antiques.
  9521 | D:12     | Noticed a deep elf pyromancer
  9642 | D:12     | Noticed a green ugly thing
  9651 | D:12     | Killed a green ugly thing
  9652 | D:12     | Reached XP level 12. HP: 96/106 MP: 17/17
  9675 | D:12     | Noticed a boulder beetle
  9704 | D:12     | Killed a boulder beetle
  9705 | D:12     | Reached skill level 10 in Fighting
  9705 | D:12     | Reached skill level 10 in Armour
  9715 | D:12     | Reached skill level 10 in Shields
  9804 | D:12     | Killed Sonja
  9822 | D:12     | Lost mutation: You expend magic power (3 MP) to strengthen
                  | your wands. [potion of mutation]
  9822 | D:12     | Gained mutation: You are partially covered in iridescent
                  | scales. (AC +2) [potion of mutation]
  9822 | D:12     | Gained mutation: You are mostly covered in iridescent
                  | scales. (AC +4) [potion of mutation]
  9822 | D:12     | Gained mutation: You have a pair of large horns on your
                  | head. [potion of mutation]
  9822 | D:12     | Gained mutation: You are agile. (Dex +2) [potion of
                  | mutation]
 10112 | D:12     | Slain by a titanic slime creature

Illustrated notes

Levels and vault maps discovered:
D:1:      doesnt_arrival_eight_statues, layout_loops_corners
D:2:      layout_rooms, grunt_ministairs_6
D:3:      layout_basic, slow_altar_1, hellmonk_ecumenical_altar_lost_god
D:4:      layout_rooms, gammafunk_temple_overflow_arena,
          makhleb_altar_promises_db, temple_hall, serial_shops,
          kennysheep_mini_moat, grunt_decor_one_mirror, uniq_edmund,
          uniq_crazy_yiuf_cottage, uniq_blork_the_orc
D:5:      layout_basic, eat_drink_and_be_merry_uskayaw,
          nicolae_gozag_seed_capital, nicolae_ossuary_entry_giza, uniq_duvessa
D:6:      nicolae_cairo_tiling_very_big, layout_loops_ring,
          grunt_temple_overflow_forces_of_nature,
          hellmonk_ghost_happy_afterlife, kennysheep_flooded_box,
          kennysheep_dice
D:7:      layout_loops_ring, serial_shops, shop
D:8:      layout_loops_ring, chequers_temple_overflow_statue_of_worship,
          lair_entry_dummy, lemuel_flame_loot_1, uniq_gastronok, uniq_psyche
D:9:      minmay_sliced_demisemicircle, layout_loops_cross, minmay_st_funbox,
          uniq_amaemon
D:10:     layout_irregular_city
D:12:     lemuel_flame_loot_2, layout_small_grid, serial_shops,
          nicolae_take_the_stairs, uniq_sonja
D:13:     layout_basic, erik_vaults_1

Skill      XL: |  1  2  3  4  5  6  7  8  9 10 11 12 |
---------------+-------------------------------------+-----
Armour         | 4 5 6 7 8 9 10 | 10.6
Shields        | 4 5 6 7 8 9 10 | 10.5
Fighting       | 4 5 6 7 8 9 10 | 10.6
Axes           | 3 |  3.2
Maces & Flails | 1 2 3 4 7 8 9 10 | 10.9
Invocations    | 1 3 4 6 7 8 9 |  9.5
Evocations     | 5 7 |  7.0

Action                   |  1- 3 |  4- 6 |  7- 9 | 10-12 || total
-------------------------+-------+-------+-------+-------++-------
Melee: War axe           |    36 |       |       |       ||    36
       Headbutt          |     5 |    14 |    37 |    88 ||   144
       Flail             |     3 |    93 |    74 |       ||   170
       Kick              |       |    17 |    73 |    36 ||   126
       Whip              |       |       |   148 |   261 ||   409
       Demon whip        |       |       |       |    69 ||    69
Throw: Throwing net      |       |       |     1 |     1 ||     2
       Dart              |       |       |       |     6 ||     6
       Boomerang         |       |       |       |     1 ||     1
Invok: Bend Time         |       |     1 |       |       ||     1
       Temporal Distorti |       |       |       |     1 ||     1
Evoke: Wand              |       |       |       |     8 ||     8
       Box of beasts     |       |       |       |     1 ||     1
       Condenser vane    |       |       |       |     1 ||     1
  Use: Scroll            |     3 |     9 |     4 |    12 ||    28
       Potion            |       |    11 |     4 |     8 ||    23
 Stab: Invisible         |       |       |       |     2 ||     2
Armor: Scale mail        |    17 |    40 |    91 |   102 ||   250
       Skin              |       |    11 |       |       ||    11
       Pearl dragon scal |       |       |       |    64 ||    64
Dodge: Dodged            |    20 |    52 |    65 |   146 ||   283
Block: Buckler           |    12 |    32 |    73 |   199 ||   316

Table legend: (Time is in decaauts)
 A = Elapsed time spent in this place.
 B = Non-inter-level travel time spent in this place.
 C = Inter-level travel time spent in this place.
 D = Time resting spent in this place.
 E = Time spent auto-exploring this place.
 F = Levels seen in this place.
 G = Mean time per level.
                   A        B        C        D        E       F      G
               +--------+--------+--------+--------+--------+-----+--------+
         Total |  13317 |  12208 |   1109 |    760 |   9165 |  13 | 1024.4 |
       Dungeon |  12859 |  11750 |   1109 |    468 |   9099 |  12 | 1071.6 |
       Ossuary |    458 |    458 |      0 |    292 |     66 |   1 |  458.0 |
               +--------+--------+--------+--------+--------+-----+--------+

Top non-repeatable levels by time:
     D:9: 2073 daAuts
     D:5: 1804 daAuts
     D:8: 1456 daAuts
     D:4: 1417 daAuts
     D:6: 1303 daAuts
     D:7: 1030 daAuts
     D:3: 1012 daAuts
     D:1: 947 daAuts
    D:12: 882 daAuts
     D:2: 623 daAuts
 Ossuary: 458 daAuts
    D:13: 283 daAuts
    D:10: 26 daAuts
